 Dungeon Crawl Stone Soup version 0.30-a0-225-g04c3547f4f (webtiles) character file.

Game seed: 9910457417489840082

13475 qw the Cleaver (level 12, -4/76 HPs)
             Began as a Gargoyle Fighter on Oct 9, 2022.
             Was an Elder of Okawaru.
             Slain by a death yak (12 damage)
             ... on level 1 of the Lair of Beasts.
             The game lasted 00:05:32 (12929 turns).

qw the Cleaver (Gargoyle Fighter)                  Turns: 12929, Time: 00:05:33

Health: -4/76      AC: 27    Str: 31    XL:     12   Next: 6%
Magic:  17/17      EV: 11    Int:  9    God:    Okawaru [****..]
Gold:   554        SH: 13    Dex: 15    Spells: 11/11 levels left

rFire   . . .      SeeInvis .    Y - +0 war axe
rCold   . . .      Faith    .    b - +0 kite shield
rNeg    + . .      Spirit   .    f - +0 plate armour
rPois   inf        Reflect  .    q - +0 helmet
rElec   +          Harm     .    (no cloak)
rCorr   .          Rampage  .    (no gloves)
Will    .....                    v - +0 pair of boots
Stlth   ..........               (no amulet)
HPRegen 0.32/turn                h - +6 ring of dexterity
MPRegen 0.15/turn                g - +6 ring of strength

@: about to teleport, heroic
A: sickness immunity, AC +8, negative energy resistance 1, electricity
resistance, torment resistance 1, petrification resistance
a: Renounce Religion, Heroism, Finesse


You were on level 1 of the Lair of Beasts.
You worshipped Okawaru.
Okawaru was greatly pleased with you.
You visited 3 branches of the dungeon, and saw 13 of its levels.
You also visited: Sewer and Ossuary.

You collected 554 gold pieces.


Innate Abilities, Weirdness & Mutations

You are immune to sickness and miasma.
Your stone body is resilient. (AC +8)
You are immune to poison.
You resist negative energy. (rN+)
You are resistant to electric shocks. (rElec)
You are resistant to unholy torment.
You are immune to petrification.


   Skills:
 - Level 9.0(14.0) Fighting
 - Level 11.0(16.0) Axes
 - Level 2.1(7.1) Throwing
 - Level 7.1(12.1) Armour
 + Level 2.7(7.7) Dodging
 - Level 10.0(15.0) Shields
 + Level 7.3 Invocations


You had 11 spell levels left.
You didn't know any spells.
Your spell library was empty.

Inventory:

Hand Weapons
 i - a +3 flail
 Y - a +0 war axe (weapon)
Missiles
 a - a silver boomerang (quivered)
 t - 2 boomerangs
Armour
 b - a +0 kite shield (worn)
 f - a +0 plate armour (worn)
 q - a +0 helmet (worn)
 v - a +0 pair of boots (worn)
 w - a +0 pair of gloves
Jewellery
 g - a +6 ring of strength (right hand)
 h - a +6 ring of dexterity (left hand)
 s - a ring of ice
Scrolls
 c - 5 scrolls of teleportation
 l - 2 scrolls of identify
 u - a scroll of enchant armour {unknown}
Potions
 d - 2 potions of might
 e - a potion of cancellation
 j - 3 potions of curing
 k - a potion of resistance
 m - 6 potions of heal wounds
 n - 3 potions of haste
 o - 2 potions of mutation
 p - 2 potions of lignification
 r - 4 potions of attraction

Dungeon Overview and Level Annotations

Branches:
Dungeon (11/15)            Temple (1/1) D:7            Lair (1/5) D:11
    Orc (0/2) D:11          Sewer (visited)         Ossuary (visited)

Altars:
Ashenzari
Cheibriados
Dithmenos
Elyvilon
Fedhas
Gozag
Hepliaklqana
Kikubaaqudgha
Makhleb
Nemelex Xobeh
Okawaru
Qazlal
Ru
Sif Muna
Trog
Uskayaw
Vehumet
Wu Jian
Xom
Yredelemnul
Zin
The Shining One


Message History

You hit the death yak.
The death yak is severely wounded.
You hit the death yak but do no damage. You hit the death yak.
The death yak gores you! You block the death yak's attack.
The death yak gores you but does no damage.
You slice the death yak!!
The death yak is almost dead.
You slash the death yak! You hit the death yak but do no damage.
The death yak gores you! The death yak gores you.
You block the death yak's attack.
You barely miss the death yak.
The death yak is almost dead.
You slash the death yak! You hit the death yak but do no damage.
You block the death yak's attack.
The death yak gores you but does no damage. x2
You barely miss the death yak.
The death yak is almost dead.
You barely miss the death yak. You hit the death yak.
The death yak closely misses you. You block the death yak's attack.
The death yak gores you but does no damage.
You slice the death yak!!
You kill the death yak!
Okawaru accepts your kill.
You completely miss the death yak. You hit the death yak.
You slice the death yak!!
The death yak is severely wounded.
You hit the death yak but do no damage. You block the death yak's attack. x2
You slash the death yak!
The death yak is severely wounded.
You slash the death yak! The death yak gores you! The death yak gores you.
12929 ||| READING 6 scrolls of teleportation.
As you read the scroll of teleportation, it crumbles to dust.
You feel strangely unstable. The death yak misses you.
The polar bear bites you! The polar bear completely misses you.
The polar bear claws you but does no damage.
The death yak gores you!
You die...

........######...P#
........# ##..##
........# #####...#
........###..#...##
.####............##
# #.............#
#............##
.P....####P#...##
.......# ###.Y@.#
........# #..hY#
.....[..# #.#..##
..#...... ..>...#
........# ........#
........# #.##P..#


You could see 2 death yaks and a polar bear.

Vanquished Creatures
  Gastronok (D:8)
  2 two-headed ogres
  A death yak (Lair:1)
  Pikel (D:5)
  An ugly thing (D:11)
  A queen bee (Lair:1)
  A hornet (D:9)
  3 trolls
  3 shadows (D:11)
  5 yaks (D:11)
  A wraith (D:11)
  3 wyverns
  3 basilisks (D:11)
  3 vampire mosquitoes (D:7)
  2 steam dragons
  5 water moccasins
  4 orc warriors
  2 sky beasts
  A black bear (D:11)
  2 ogres
  3 wolves (D:11)
  3 centaurs
  8 kobold brigands
  A phantom (D:4)
  2 lemures (D:5)
  A bullfrog (D:7)
  2 elf zombies (Ossuary)
  A gnoll sergeant (D:11)
  2 necrophages (D:6)
  4 scorpions
  32 killer bees
  A howler monkey (D:5)
  6 electric eels
  2 human zombies (Ossuary)
  A centaur zombie (Ossuary)
  10 orc priests
  A gnoll bouda (D:10)
  4 hounds
  A jelly (D:7)
  Jessica (D:3)
  4 iguanas
  10 orc wizards
  3 mummies
  14 gnolls
  7 adders
  A river rat (Sewer)
  A white imp (D:6)
  An ufetubus (D:5)
  2 adder zombies (Ossuary)
  9 worms
  3 dart slugs
  38 orcs
  14 ball pythons
  5 bats
  14 endoplasms
  2 giant cockroaches
  7 goblins
  7 hobgoblins
  5 quokkas
  2 frilled lizards (D:1)
  7 hobgoblin zombies (Ossuary)
  2 jackal zombies (Ossuary)
  20 kobolds
  9 kobold zombies (Ossuary)
  11 orc zombies (Ossuary)
  9 rats
  A rat zombie (Ossuary)
339 creatures vanquished.

Vanquished Creatures (others)
  4 fungi
  31 plants
35 creatures vanquished.

Grand Total: 374 creatures vanquished

Notes
Turn   | Place    | Note
-------+----------+-------------------------------------------
     0 | D:1      | qw the Gargoyle Fighter began the quest for the Orb.
     0 | D:1      | Reached XP level 1. HP: 14/14 MP: 1/1
     0 | D:1      | 0 ||| qw: Version: 0.2-a-17-g06abaee
     0 | D:1      | 0 ||| qw: Game counter: 2296
     0 | D:1      | 0 ||| qw: Always use a shield: true
     0 | D:1      | 0 ||| qw: God list: Okawaru
     0 | D:1      | 0 ||| qw: Allow faded altars: false
     0 | D:1      | 0 ||| qw: Do Orc after D:15 true
     0 | D:1      | 0 ||| qw: Do second Lair branch before Depths: true
     0 | D:1      | 0 ||| qw: Lair rune preference: random
     0 | D:1      | 0 ||| qw: Plans: Normal, Zot:1-4, God:TSO, Crypt, Tomb,
                  | Pan, Slime:5, Hells, Abyss, Orb
     0 | D:1      | 0 ||| PLANNING D:1-11
    24 | D:1      | 24 ||| Stepping ~*~*~tactically~*~*~ (stealth).
    28 | D:1      | 28 ||| Stepping ~*~*~tactically~*~*~ (stealth).
    33 | D:1      | Reached skill level 2 in Axes
    33 | D:1      | 33 ||| Stepping ~*~*~tactically~*~*~ (stealth).
    51 | D:1      | 51 ||| Stepping ~*~*~tactically~*~*~ (stealth).
    66 | D:1      | 66 ||| Stepping ~*~*~tactically~*~*~ (stealth).
    67 | D:1      | 67 ||| Stepping ~*~*~tactically~*~*~ (stealth).
    76 | D:1      | Reached XP level 2. HP: 19/19 MP: 2/2
    92 | D:1      | 92 ||| Stepping ~*~*~tactically~*~*~ (stealth).
   148 | D:1      | Found a faded altar of an unknown god.
   273 | D:1      | Reached skill level 3 in Axes
   323 | D:1      | 323 ||| Stepping ~*~*~tactically~*~*~ (hiding).
   324 | D:1      | 324 ||| Stepping ~*~*~tactically~*~*~ (hiding).
   332 | D:1      | Reached XP level 3. HP: 22/23 MP: 3/3
   406 | D:1      | 406 ||| DROPPING +0 club.
   432 | D:1      | 432 ||| Stepping ~*~*~tactically~*~*~ (stealth).
   464 | D:1      | 464 ||| Stepping ~*~*~tactically~*~*~ (stealth).
   680 | D:1      | 680 ||| DROPPING amulet of magic regeneration.
   681 | D:1      | 681 ||| UPGRADING to +6 ring of dexterity.
   682 | D:1      | 682 ||| READING scroll labelled BANYMEOPUH.
   683 | D:1      | 683 ||| READING scroll labelled NOMIESAOQIL.
   684 | D:1      | 684 ||| READING 3 scrolls labelled VUMUSE RAZULAL.
   685 | D:1      | 685 ||| READING 2 scrolls of identify.
   685 | D:1      | 685 ||| IDENTIFYING dark potion
   686 | D:1      | 686 ||| DROPPING potion of invisibility.
   813 | D:2      | Found a shadowy altar of Dithmenos.
  1097 | D:2      | Reached skill level 1 in Dodging
  1097 | D:2      | Reached XP level 4. HP: 28/28 MP: 4/4
  1412 | D:2      | Reached skill level 4 in Axes
  1671 | D:2      | 1671 ||| UPGRADING to +0 helmet.
  1676 | D:2      | 1676 ||| UPGRADING to +6 ring of strength.
  1677 | D:2      | 1677 ||| READING scroll labelled OSHADEUBUZ.
  1678 | D:2      | 1678 ||| DRINKING 2 smoky red potions.
  1679 | D:2      | 1679 ||| DRINKING 2 green potions.
  1680 | D:2      | 1680 ||| DRINKING 2 emerald potions.
  1785 | D:2      | 1785 ||| DRINKING 2 fuming inky potions.
  1786 | D:2      | 1786 ||| DRINKING 2 bubbling dark potions.
  1787 | D:2      | 1787 ||| READING 2 scrolls of identify.
  1787 | D:2      | 1787 ||| IDENTIFYING fizzy ruby potion
  1788 | D:2      | 1788 ||| DROPPING potion of degeneration.
  1789 | D:2      | 1789 ||| DROPPING potion of berserk rage.
  1966 | D:3      | Reached XP level 5. HP: 30/32 MP: 5/5
  2174 | D:3      | Noticed Jessica
  2181 | D:3      | Killed Jessica
  2217 | D:3      | Noticed a sky beast
  2236 | D:3      | Killed a sky beast
  2237 | D:3      | Reached skill level 5 in Axes
  2237 | D:3      | Reached XP level 6. HP: 21/37 MP: 6/6
  2503 | D:3      | 2503 ||| UPGRADING to +0 plate armour.
  2513 | D:3      | 2513 ||| DROPPING +0 scale mail.
  2514 | D:3      | 2514 ||| READING scroll labelled DOTHUPT ROESH.
  2515 | D:3      | 2515 ||| DRINKING 3 pink potions.
  2534 | D:4      | 2534 ||| PLANNING OSSUARY
  2630 | D:4      | Found a sand-covered staircase.
  2631 | D:4      | 2631 ||| FLEEEEING.
  2632 | D:4      | 2632 ||| FLEEEEING.
  2635 | D:4      | 2635 ||| FLEEEEING.
  2636 | D:4      | 2636 ||| FLEEEEING.
  2637 | D:4      | 2637 ||| FLEEEEING.
  2638 | D:4      | 2638 ||| FLEEEEING.
  2651 | D:4      | 2651 ||| FLEEEEING.
  2653 | D:4      | 2653 ||| FLEEEEING.
  2654 | D:4      | 2654 ||| FLEEEEING.
  2655 | D:4      | 2655 ||| FLEEEEING.
  2660 | D:4      | 2660 ||| STAIRDANCE
  2664 | D:4      | 2664 ||| STAIRDANCE
  2668 | D:4      | 2668 ||| STAIRDANCE
  2672 | D:4      | 2672 ||| STAIRDANCE
  2680 | D:4      | 2680 ||| STAIRDANCE
  2711 | Ossuary  | Entered an ossuary
  2916 | Ossuary  | Reached skill level 6 in Axes
  2918 | Ossuary  | Reached XP level 7. HP: 32/43 MP: 7/7
  3133 | Ossuary  | Reached skill level 7 in Axes
  3217 | Ossuary  | 3217 ||| READING scroll labelled FUCIYCZ YSUSI.
  3218 | Ossuary  | 3218 ||| READING 3 scrolls of identify.
  3218 | Ossuary  | 3218 ||| IDENTIFYING bubbling green potion
  3219 | Ossuary  | 3219 ||| READING 2 scrolls of identify.
  3219 | Ossuary  | 3219 ||| IDENTIFYING viscous orange potion
  3220 | Ossuary  | 3220 ||| DROPPING potion of brilliance.
  3229 | D:4      | 3229 ||| PLANNING D:1-11
  3548 | D:4      | 3548 ||| Stepping ~*~*~tactically~*~*~ (stealth).
  3550 | D:4      | 3550 ||| Stepping ~*~*~tactically~*~*~ (stealth).
  3553 | D:4      | 3553 ||| Stepping ~*~*~tactically~*~*~ (hiding).
  3625 | D:4      | 3625 ||| DROPPING +0 whip.
  3754 | D:4      | Found a shimmering blue altar of Sif Muna.
  3975 | D:4      | Found a glowing silver altar of Zin.
  4085 | D:4      | 4085 ||| UPGRADING to +0 kite shield.
  4095 | D:4      | 4095 ||| DROPPING +0 buckler.
  4096 | D:4      | 4096 ||| READING 2 scrolls labelled HUDWIMYHUR.
  4107 | D:5      | Entered Level 5 of the Dungeon
  4280 | D:5      | 4280 ||| Stepping ~*~*~tactically~*~*~ (stealth).
  4282 | D:5      | 4282 ||| Stepping ~*~*~tactically~*~*~ (stealth).
  4284 | D:5      | 4284 ||| Stepping ~*~*~tactically~*~*~ (hiding).
  4294 | D:5      | Reached XP level 8. HP: 37/48 MP: 8/8
  4361 | D:5      | Noticed Pikel
  4372 | D:5      | HP: 7/48 [Pikel/+2 whip of flaming (7)]
  4373 | D:5      | 4373 ||| READING scroll of teleportation.
  4374 | D:5      | 4374 ||| DRINKING 2 potions of heal wounds.
  4622 | D:5      | 4622 ||| Stepping ~*~*~tactically~*~*~ (stealth).
  4802 | D:5      | 4802 ||| Stepping ~*~*~tactically~*~*~ (stealth).
  4809 | D:5      | Killed Pikel
  5042 | D:5      | 5042 ||| READING scroll labelled MIJOYG AREDWU.
  5057 | D:6      | 5057 ||| PLANNING SEWER
  5198 | D:6      | Found a sacrificial altar of Ru.
  5265 | D:6      | Found a glowing drain.
  5274 | Sewer    | Entered a sewer
  5303 | Sewer    | Reached skill level 1 in Throwing
  5418 | Sewer    | Reached XP level 9. HP: 54/54 MP: 9/9
  5567 | Sewer    | Reached skill level 8 in Axes
  5823 | D:6      | 5823 ||| PLANNING D:1-11
  5931 | D:6      | 5931 ||| Stepping ~*~*~tactically~*~*~ (stealth).
  5933 | D:6      | 5933 ||| Stepping ~*~*~tactically~*~*~ (stealth).
  5969 | D:6      | Reached skill level 6 in Fighting
  6502 | D:6      | 6502 ||| Stepping ~*~*~tactically~*~*~ (stealth).
  6503 | D:6      | 6503 ||| DRINKING 4 potions of curing.
  6503 | D:6      | 6503 ||| (to cure confusion)
  6505 | D:6      | 6505 ||| Stepping ~*~*~tactically~*~*~ (stealth).
  6507 | D:6      | 6507 ||| FLEEEEING.
  6508 | D:6      | 6508 ||| FLEEEEING.
  6509 | D:6      | 6509 ||| FLEEEEING.
  6510 | D:6      | 6510 ||| FLEEEEING.
  6511 | D:6      | 6511 ||| FLEEEEING.
  6512 | D:6      | 6512 ||| FLEEEEING.
  6513 | D:6      | 6513 ||| FLEEEEING.
  6514 | D:6      | 6514 ||| FLEEEEING.
  6515 | D:6      | 6515 ||| FLEEEEING.
  6516 | D:6      | 6516 ||| FLEEEEING.
  6517 | D:6      | 6517 ||| FLEEEEING.
  6556 | D:6      | 6556 ||| Stepping ~*~*~tactically~*~*~ (hiding).
  6850 | D:7      | Found a staircase to the Ecumenical Temple.
  6851 | D:7      | 6851 ||| PLANNING TEMPLE
  6864 | Temple   | Entered the Ecumenical Temple
  6908 | Temple   | 6908 ||| PLANNING OKAWARU WORSHIP
  7046 | Temple   | Became a worshipper of Warmaster Okawaru
  7047 | Temple   | 7047 ||| PLANNING D:1-11
  7312 | D:7      | Reached skill level 9 in Axes
  7411 | D:7      | Reached * piety under Okawaru
  7412 | D:7      | 7412 ||| INVOKING Heroism.
  7422 | D:7      | 7422 ||| INVOKING Heroism.
  7427 | D:7      | Reached skill level 1 in Invocations
  7504 | D:7      | 7504 ||| INVOKING Heroism.
  7644 | D:7      | 7644 ||| INVOKING Heroism.
  7661 | D:7      | 7661 ||| INVOKING Heroism.
  7758 | D:7      | Reached XP level 10. HP: 61/61 MP: 10/10
  7826 | D:7      | 7826 ||| INVOKING Heroism.
  7969 | D:7      | Found a shimmering altar of Xom.
  8247 | D:7      | 8247 ||| READING scroll labelled KEQUDE FOPRO.
  8322 | D:8      | 8322 ||| Stepping ~*~*~tactically~*~*~ (hiding).
  8356 | D:8      | 8356 ||| Stepping ~*~*~tactically~*~*~ (hiding).
  8362 | D:8      | 8362 ||| INVOKING Heroism.
  8482 | D:8      | Found a bloodstained altar of Trog.
  8553 | D:8      | 8553 ||| Stepping ~*~*~tactically~*~*~ (stealth).
  8561 | D:8      | 8561 ||| INVOKING Heroism.
  8563 | D:8      | Reached skill level 3 in Invocations
  8637 | D:8      | 8637 ||| Stepping ~*~*~tactically~*~*~ (stealth).
  8638 | D:8      | 8638 ||| Stepping ~*~*~tactically~*~*~ (stealth).
  8640 | D:8      | 8640 ||| Stepping ~*~*~tactically~*~*~ (stealth).
  8755 | D:8      | Identified the +9 rapier of Foumad {antimagic, rElec Dex+2
                  | Stlth+}
  8874 | D:8      | Found a hide-covered altar of Uskayaw.
  9047 | D:8      | Noticed Gastronok
  9048 | D:8      | 9048 ||| INVOKING Heroism.
  9061 | D:8      | 9061 ||| INVOKING Heroism.
  9072 | D:8      | Killed Gastronok
  9073 | D:8      | Reached skill level 9 in Shields
  9181 | D:8      | 9181 ||| READING 2 scrolls of identify.
  9181 | D:8      | 9181 ||| IDENTIFYING purple potion
  9182 | D:8      | 9182 ||| DROPPING potion of flight.
  9242 | D:9      | 9242 ||| INVOKING Heroism.
  9324 | D:9      | 9324 ||| Stepping ~*~*~tactically~*~*~ (hiding).
  9363 | D:9      | Noticed a two-headed ogre
  9364 | D:9      | 9364 ||| INVOKING Heroism.
  9374 | D:9      | Killed a two-headed ogre
  9374 | D:9      | Reached ** piety under Okawaru
  9492 | D:9      | 9492 ||| Stepping ~*~*~tactically~*~*~ (cloud).
  9496 | D:9      | 9496 ||| INVOKING Heroism.
  9501 | D:9      | Reached skill level 10 in Axes
  9501 | D:9      | 9501 ||| Stepping ~*~*~tactically~*~*~ (cloud).
  9502 | D:9      | 9502 ||| Stepping ~*~*~tactically~*~*~ (cloud).
  9622 | D:9      | 9622 ||| INVOKING Heroism.
  9681 | D:9      | You fall into a shaft and drop 1 floor!
  9681 | D:10     | Entered Level 10 of the Dungeon
  9695 | D:10     | 9695 ||| INVOKING Heroism.
  9740 | D:10     | 9740 ||| Stepping ~*~*~tactically~*~*~ (hiding).
  9782 | D:10     | 9782 ||| INVOKING Heroism.
  9785 | D:10     | Reached XP level 11. HP: 67/67 MP: 11/14
  9841 | D:10     | 9841 ||| Stepping ~*~*~tactically~*~*~ (stealth).
  9843 | D:10     | 9843 ||| Stepping ~*~*~tactically~*~*~ (stealth).
  9853 | D:10     | 9853 ||| DRINKING 3 potions of curing.
  9853 | D:10     | 9853 ||| (to cure confusion)
  9855 | D:10     | 9855 ||| DRINKING 2 potions of curing.
  9855 | D:10     | 9855 ||| (to cure confusion)
  9866 | D:10     | 9866 ||| Stepping ~*~*~tactically~*~*~ (stealth).
  9869 | D:10     | 9869 ||| DRINKING potion of curing.
  9869 | D:10     | 9869 ||| (to cure confusion)
  9878 | D:10     | 9878 ||| Stepping ~*~*~tactically~*~*~ (hiding).
  9879 | D:10     | 9879 ||| Stepping ~*~*~tactically~*~*~ (hiding).
  9888 | D:10     | 9888 ||| INVOKING Heroism.
 10019 | D:10     | Reached *** piety under Okawaru
 10029 | D:10     | 10029 ||| Stepping ~*~*~tactically~*~*~ (stealth).
 10034 | D:10     | 10034 ||| INVOKING Heroism.
 10046 | D:10     | Reached skill level 6 in Armour
 10053 | D:10     | 10053 ||| READING 2 scrolls of identify.
 10053 | D:10     | 10053 ||| IDENTIFYING clear potion
 10234 | D:9      | 10234 ||| INVOKING Heroism.
 10244 | D:9      | 10244 ||| Stepping ~*~*~tactically~*~*~ (stealth).
 10348 | D:9      | 10348 ||| Stepping ~*~*~tactically~*~*~ (hiding).
 10693 | D:10     | Noticed a two-headed ogre
 10694 | D:10     | 10694 ||| INVOKING Heroism.
 10700 | D:10     | Killed a two-headed ogre
 10717 | D:10     | 10717 ||| INVOKING Heroism.
 10767 | D:10     | 10767 ||| DROPPING +0 flail.
 10871 | D:10     | 10871 ||| Stepping ~*~*~tactically~*~*~ (hiding).
 10895 | D:10     | 10895 ||| FLEEEEING.
 10896 | D:10     | 10896 ||| FLEEEEING.
 10897 | D:10     | 10897 ||| FLEEEEING.
 10898 | D:10     | 10898 ||| FLEEEEING.
 10899 | D:10     | 10899 ||| FLEEEEING.
 10900 | D:10     | 10900 ||| FLEEEEING.
 10912 | D:10     | 10912 ||| FLEEEEING.
 10915 | D:10     | 10915 ||| FLEEEEING.
 10916 | D:10     | 10916 ||| FLEEEEING.
 10917 | D:10     | 10917 ||| FLEEEEING.
 10918 | D:10     | 10918 ||| FLEEEEING.
 10919 | D:10     | 10919 ||| FLEEEEING.
 10920 | D:10     | 10920 ||| FLEEEEING.
 10921 | D:10     | 10921 ||| FLEEEEING.
 10922 | D:10     | 10922 ||| FLEEEEING.
 10923 | D:10     | 10923 ||| FLEEEEING.
 10924 | D:10     | 10924 ||| FLEEEEING.
 10925 | D:10     | 10925 ||| FLEEEEING.
 10926 | D:10     | 10926 ||| FLEEEEING.
 10927 | D:10     | 10927 ||| FLEEEEING.
 10928 | D:10     | 10928 ||| FLEEEEING.
 11221 | D:11     | 11221 ||| Stepping ~*~*~tactically~*~*~ (stealth).
 11223 | D:11     | 11223 ||| Stepping ~*~*~tactically~*~*~ (stealth).
 11225 | D:11     | 11225 ||| Stepping ~*~*~tactically~*~*~ (hiding).
 11229 | D:11     | 11229 ||| STAIRDANCE
 11243 | D:11     | 11243 ||| STAIRDANCE
 11248 | D:11     | 11248 ||| STAIRDANCE
 11250 | D:10     | 11250 ||| INVOKING Heroism.
 11269 | D:11     | Found a staircase to the Orcish Mines.
 11270 | D:11     | 11270 ||| Stepping ~*~*~tactically~*~*~ (hiding).
 11326 | D:11     | 11326 ||| INVOKING Heroism.
 11388 | D:11     | 11388 ||| INVOKING Heroism.
 11391 | D:11     | 11391 ||| Stepping ~*~*~tactically~*~*~ (stealth).
 11408 | D:11     | 11408 ||| Stepping ~*~*~tactically~*~*~ (stealth).
 11415 | D:11     | 11415 ||| INVOKING Heroism.
 11466 | D:11     | Reached skill level 11 in Axes
 11476 | D:11     | 11476 ||| INVOKING Heroism.
 11561 | D:11     | 11561 ||| INVOKING Heroism.
 11568 | D:11     | 11568 ||| Stepping ~*~*~tactically~*~*~ (stealth).
 11569 | D:11     | 11569 ||| Stepping ~*~*~tactically~*~*~ (stealth).
 11612 | D:11     | Found a staircase to the Lair.
 11615 | D:11     | 11615 ||| Stepping ~*~*~tactically~*~*~ (hiding).
 11616 | D:11     | 11616 ||| Stepping ~*~*~tactically~*~*~ (hiding).
 11617 | D:11     | 11617 ||| Stepping ~*~*~tactically~*~*~ (hiding).
 11622 | D:11     | 11622 ||| INVOKING Heroism.
 11635 | D:11     | Reached **** piety under Okawaru
 11742 | D:11     | 11742 ||| INVOKING Heroism.
 11909 | D:11     | 11909 ||| INVOKING Heroism.
 11912 | D:11     | Noticed a cyan ugly thing
 11936 | D:11     | 11936 ||| INVOKING Heroism.
 11937 | D:11     | Killed a cyan ugly thing
 11960 | D:11     | Reached skill level 6 in Invocations
 11996 | D:11     | 11996 ||| FLEEEEING.
 12343 | D:11     | 12343 ||| Stepping ~*~*~tactically~*~*~ (hiding).
 12345 | D:11     | 12345 ||| Stepping ~*~*~tactically~*~*~ (hiding).
 12594 | D:11     | 12594 ||| PLANNING LAIR
 12594 | D:11     | 12594 ||| UPGRADING to +0 pair of boots.
 12599 | D:11     | 12599 ||| READING 3 scrolls of identify.
 12599 | D:11     | 12599 ||| IDENTIFYING blue potion
 12600 | D:11     | 12600 ||| DROPPING potion of ambrosia.
 12618 | Lair:1   | Entered Level 1 of the Lair of Beasts
 12639 | Lair:1   | 12639 ||| Stepping ~*~*~tactically~*~*~ (stealth).
 12641 | Lair:1   | 12641 ||| INVOKING Heroism.
 12676 | Lair:1   | Reached skill level 9 in Fighting
 12676 | Lair:1   | Reached XP level 12. HP: 41/76 MP: 17/17
 12909 | Lair:1   | Noticed a death yak
 12910 | Lair:1   | 12910 ||| INVOKING Heroism.
 12911 | Lair:1   | Noticed a death yak
 12911 | Lair:1   | Noticed a death yak
 12926 | Lair:1   | Killed a death yak
 12928 | Lair:1   | HP: 16/76 [death yak (5)]
 12929 | Lair:1   | 12929 ||| READING 6 scrolls of teleportation.
 12929 | Lair:1   | Slain by a death yak

Levels and vault maps discovered:
D:1:      psy_arrival_statuary, layout_basic, ebering_ecumenical_altar_box,
          minmay_tromino_v7
D:2:      minmay_diamond_boxcup, layout_basic, basic_altar,
          nicolae_kite_square_tiling_tiny
D:3:      layout_basic, uniq_jessica
D:4:      layout_loops_corners, mainiacjoe_overflow_cross_hatched,
          kennysheep_mini, gup_ossuary_entry_pyramid
D:5:      nicolae_cairo_tiling_large, layout_gridville, uniq_pikel
D:6:      layout_loops_corners, nicolae_ru_the_path_less_chosen,
          portal_sewer_entry_d
D:7:      layout_loops_cross, mainiacjoe_overflow_surrounded_room,
          temple_pool_b, serial_bayou, serial_bayou_pond_b, serial_bayou_pond_a,
          serial_bayou_crossing, serial_bayou_ford_a
D:8:      layout_basic, bloody_trog, lemuel_tele_altar, minivault_1,
          uniq_gastronok
D:9:      layout_loops_ring, kennysheep_small_square
D:10:     layout_loops_ring
D:11:     layout_small_grid, minmay_lair_entry_grove, david_orc_2,
          kennysheep_crisscross, small_statue_alley_a
Temple:   nicolae_temple_bog_church
Lair:1:   layout_small_grid, special_room [special_room_bee], fungi_pond_lemuel,
          minmay_stone_trees_medium, uniq_sonja

Skill      XL: |  1  2  3  4  5  6  7  8  9 10 11 |
---------------+----------------------------------+-----
Axes           | 2 3 4 5 6 7 9 10 11 | 11.0
Dodging        | 1 2 |  2.7
Fighting       | 4 5 6 7 9 |  9.0
Shields        | 4 7 8 9 10 | 10.0
Armour         | 4 5 7 |  7.1
Throwing       | 1 2 |  2.1
Invocations    | 1 5 7 |  7.3

Action                   |  1- 3 |  4- 6 |  7- 9 | 10-12 || total
-------------------------+-------+-------+-------+-------++-------
Melee: War axe           |   108 |   174 |   419 |   524 ||  1225
Throw: Boomerang         |       |    23 |    36 |    45 ||   104
Invok: Heroism           |       |       |     5 |    28 ||    33
  Use: Scroll            |     4 |     3 |     6 |     5 ||    18
       Potion            |       |     6 |     2 |     3 ||    11
Armor: Scale mail        |    49 |    48 |       |       ||    97
       Plate armour      |       |    33 |   225 |   255 ||   513
Dodge: Dodged            |    35 |    51 |    97 |   164 ||   347
Block: Buckler           |    18 |    27 |    16 |       ||    61
       Kite shield       |       |       |   153 |   292 ||   445

Table legend:
 A = Non-vault XP
 B = Vault XP
 C = Vault XP percentage of total XP
 D = Non-vault monster count
 E = Vault monster count
 F = Vault count percentage of total count
                 A         B        C        D         E       F
            +---------+---------+-------+---------+---------+-------
      Total |   11135 |    8116 |  42.2 |     207 |     130 |  38.6
            +---------+---------+-------+---------+---------+-------
        D:1 |      55 |       5 |   8.3 |      29 |       4 |  12.1
        D:2 |      45 |      30 |  40.0 |      13 |       8 |  38.1
        D:3 |     234 |      37 |  13.7 |      19 |       1 |   5.0
        D:4 |     215 |      21 |   8.9 |      13 |       1 |   7.1
        D:5 |     498 |     651 |  56.7 |      17 |       1 |   5.6
        D:6 |     710 |      13 |   1.8 |      13 |       1 |   7.1
        D:7 |    1144 |     431 |  27.4 |      19 |       5 |  20.8
        D:8 |     628 |    1414 |  69.2 |      16 |       1 |   5.9
        D:9 |    1614 |     819 |  33.7 |      16 |       1 |   5.9
       D:10 |    2172 |     146 |   6.3 |      27 |       4 |  12.9
       D:11 |    2958 |    1983 |  40.1 |      23 |      16 |  41.0
     Lair:1 |     862 |    1489 |  63.3 |       2 |      20 |  90.9
      Sewer |       0 |     672 | 100.0 |       0 |      28 | 100.0
    Ossuary |       0 |     405 | 100.0 |       0 |      39 | 100.0
            +---------+---------+-------+---------+---------+-------
